 Dungeon Crawl Stone Soup version 0.27-a0-1188-g73eefd5def (webtiles) character file.

Game seed: 16044409804249340932

0 Goblin1989 the Sneak (level 1, -15/18 HPs)
             Began as a Demonspawn Delver on May 21, 2021.
             Demolished by a mummy (16 damage)
             ... in an ossuary.
             The game lasted 00:02:01 (152 turns).

Goblin1989 the Sneak (Demonspawn Delver)             Turns: 152, Time: 00:02:02

Health: -15/18     AC:  3    Str: 12    XL:     1   Next: 8%
Magic:  1/1        EV: 11    Int: 11    God:
Gold:   15         SH:  0    Dex: 14    Spells: 0/0 levels left

rFire    . . .     SeeInvis .   a - +0 short sword
rCold    . . .     Faith    .   (no shield)
rNeg     . . .     Spirit   .   b - +0 leather armour
rPois    .         Reflect  .   (no helmet)
rElec    .         Harm     .   (no cloak)
rCorr    .         Rampage  .   (no gloves)
Will     .....                  (no boots)
Stlth    ++........             (no amulet)
HPRegen  0.06/turn              (no ring)
MPRegen  0.07/turn              (no ring)

@: no status effects
A: no striking features
a: no special abilities


You were in an ossuary.
You visited 1 branch of the dungeon, and saw 2 of its levels.
You also visited: Ossuary.

You collected 15 gold pieces.

Inventory:

Hand Weapons
 a - a +0 short sword (weapon)
Armour
 b - a +0 leather armour (worn)
Wands
 g - a wand of digging (3) {@v1}
Scrolls
 c - a scroll of fog
 e - a scroll of fear
 M - a scroll of magic mapping
 N - a scroll of identify {unknown}
Potions
 f - a potion of haste {@q3,}


   Skills:
 - Level 3.0 Fighting
 + Level 1.8 Short Blades
 - Level 1.7 Dodging
 + Level 4.5 Stealth


You couldn't memorise any spells.
You didn't know any spells.
Your spell library contained the following spells:

 Spells                   Type           Power      Damage    Failure   Level
 Summon Small Mammal      Summ           0%         N/A       41%         1
 Call Imp                 Summ           0%         N/A       56%         2
 Call Canine Familiar     Summ           0%         N/A       80%         3
 Summon Guardian Golem    Hex/Summ       0%         N/A       80%         3
 Summon Ice Beast         Ice/Summ       0%         N/A       99%         4
 Summon Lightning Spire   Summ/Air       0%         N/A       99%         4


Dungeon Overview and Level Annotations

Branches:
Dungeon (5/15)            Ossuary (1/1)
 Temple: D:4-7

Altars:

Annotations:
D:5 Prince Ribbit


Message History

You open the door.
Found a scroll labelled KOMOLA ERAERUA.
There is an open door here.
N - a scroll labelled KOMOLA ERAERUA You open the door.
Found a dagger.
There is an open door here.
You see here a +0 dagger.
You open the door.
Found a stone staircase leading up.
There is an open door here.
Found a scroll labelled KOMOLA ERAERUA.
There is a stone staircase leading up here.
You climb upwards.
You hear the hiss of flowing sand.
There is an entrance to an ossuary on this level.
Hurry and find it before the portal is buried!
There is a stone staircase leading down here.
A necrophage comes into view.
Found a plate armour.
An iguana comes into view.
An adder comes into view.
Found a club.
Found a sand-covered staircase.
Found a ring mail.
You see here a +0 club.
An orc comes into view. It is wielding a +2 mace of holy wrath.
The orc shouts!
A goblin comes into view. It is wielding a +0 club.
There is a sand-covered staircase here.
The world spins around you as you enter the gateway.
You enter an ossuary!
Found a gate leading back out of this place.
There is an empty arch of ancient stone here.
You open the door.
There is an open door here.
You open the door.
There is an open door here.
Found a bubbling green potion.
A mummy comes into view.
Found 3 inky potions and 3 scrolls labelled UGODOE POPOA.
Found a scroll labelled PEBBIZ VAZ and a scroll labelled UGODOE POPOA.
As you open the door, it creaks loudly!
A gnoll zombie comes into view.
You hit the gnoll zombie.
The gnoll zombie is moderately damaged.
The mummy pulls the alarm!
The alarm trap emits a blaring wail!
A sentinel's mark forms upon you. The gnoll zombie barely misses you.
You hit the gnoll zombie.
The gnoll zombie is severely damaged.
You hit the gnoll zombie.
The gnoll zombie is almost destroyed.
The gnoll zombie hits you.
You take 3 damage, and have 15/18 hp.
There is an open door here.
A mummy opens the door.
A mummy comes into view.
There is an open door here.
You hit the gnoll zombie but do no damage.
The gnoll zombie is almost destroyed.
The gnoll zombie hits you.
You take 3 damage, and have 13/18 hp.
You hit the gnoll zombie.
You destroy the gnoll zombie!
Unknown command.
A mummy comes into view.
You completely miss the mummy. The mummy hits you but does no damage.
You hit the mummy but do no damage. You barely miss the mummy.
The mummy hits you.
You take 3 damage, and have 10/18 hp.
You hit the mummy.
The mummy is lightly damaged.
The mummy hits you!
* * * LOW HITPOINT WARNING * * *
You take 8 damage, and have 2/18 hp.
MASSIVE DAMAGE!!
You hit the mummy but do no damage.
The mummy is lightly damaged.
You barely miss the mummy.
The mummy is lightly damaged.
The mummy completely misses you.
You hit the mummy but do no damage.
The mummy is lightly damaged.
You barely miss the mummy.
The mummy is lightly damaged.
The sentinel's mark upon you fades away.
The mummy barely misses you.
You barely miss the mummy.
The mummy is lightly damaged.
The mummy hits you.
* * * LOW HITPOINT WARNING * * *
You take 1 damage, and have 1/18 hp.
You hit the mummy.
The mummy is moderately damaged.
Unknown command.
You hit the mummy.
The mummy is moderately damaged.
The mummy hits you!
Ouch! That really hurt!
You die...

██....^██ ██.▲
██.......███..█
█.........█...▲
▲....Ψ....∆...█
█..^......█...▲
█......Z███M.███
██.MMM.██ ██.∆.█


███M███ █.███ █@█ █.█ ██.██ ?!! █.∩.█ ??. █.∩.█ █████ █████ You could see 4
mummies.

Vanquished Creatures
  A gnoll zombie (Ossuary)
1 creature vanquished.

Notes
Turn   | Place    | Note
-------+----------+-------------------------------------------
     0 | D:5      | Goblin1989 the Demonspawn Delver began the quest for the
                  | Orb.
     0 | D:5      | Reached XP level 1. HP: 18/18 MP: 1/1
     7 | D:5      | Noticed Prince Ribbit
    79 | D:4      | Noticed a necrophage
    92 | D:4      | Noticed an iguana
    98 | D:4      | Found a sand-covered staircase.
   107 | Ossuary  | Entered an ossuary
   152 | Ossuary  | Demolished by a mummy

Illustrated notes

Levels and vault maps discovered:
D:4:      layout_basic, general_overflow_altar, nicolae_ossuary_entry_ruins,
          uniq_menkaure, uniq_natasha
D:5:      layout_gridville, lemuel_coloured_pillars_altar, uniq_prince_ribbit1
Ossuary:  ossuary_crypta

Action                   || total
-------------------------++-------
Melee: Short sword       ||    16
Armor: Leather armour    ||     1
Dodge: Dodged            ||     3

Table legend: (Time is in decaauts)
 A = Elapsed time spent in this place.
 B = Non-inter-level travel time spent in this place.
 C = Inter-level travel time spent in this place.
 D = Time resting spent in this place.
 E = Time spent auto-exploring this place.
 F = Levels seen in this place.
 G = Mean time per level.
                   A        B        C        D        E       F      G
               +--------+--------+--------+--------+--------+-----+--------+
         Total |    151 |    151 |      0 |      0 |      0 |   3 |   50.3 |
       Dungeon |    106 |    106 |      0 |      0 |      0 |   2 |   53.0 |
       Ossuary |     44 |     44 |      0 |      0 |      0 |   1 |   44.0 |
               +--------+--------+--------+--------+--------+-----+--------+

Top non-repeatable levels by time:
     D:5: 59 daAuts
     D:4: 47 daAuts
 Ossuary: 44 daAuts
